 Dungeon Crawl Stone Soup version 0.30-a0-782-ge64f9170bb (webtiles) character file.

Game seed: 6035196092143521028

36 112233 the Sneak (level 3, -6/20 HPs)
             Began as a Vampire Enchanter on Feb 27, 2023.
             Mangled by Sigmund
             ... wielding a +0 scythe
              (10 damage)
             ... on level 2 of the Dungeon.
             The game lasted 00:01:30 (947 turns).

112233 the Sneak (Vampire Enchanter)                 Turns: 947, Time: 00:01:30

Health: -6/20      AC:  3    Str:  7    XL:     3   Next: 19%
Magic:  6/6        EV: 12    Int: 19    God:
Gold:   99         SH:  0    Dex: 14    Spells: 6/6 levels left

rFire   . . .      SeeInvis +    a - +1 dagger
rCold   + + .      Faith    .    (no shield)
rNeg    + + +      Spirit   .    b - +0 robe
rPois   ∞          Reflect  .    (no helmet)
rElec   .          Harm     .    f - +0 cloak
rCorr   .          Rampage  .    (no gloves)
Will    .....                    (no boots)
Stlth   +++++                    (no amulet)
HPRegen 0.00/turn                (no ring)
MPRegen 0.10/turn                (no ring)

@: bloodless, inhibited regen, hasted, invisible, very quick
A: bloodless, fangs 3, see invisible, vampiric 2
a: Bat Form, Revivify


You were on level 2 of the Dungeon.
You visited 1 branch of the dungeon, and saw 2 of its levels.

You collected 99 gold pieces.

Inventory:

Hand Weapons
 a - a +1 dagger (weapon)
Armour
 b - a +0 robe (worn)
 f - a +0 cloak (worn)
Scrolls
 g - 2 scrolls of amnesia {unknown}
Potions
 c - a potion of invisibility
 h - a potion of attraction {unknown}
 i - a potion of brilliance {unknown}
 j - a potion of flight {unknown}
 k - a potion of heal wounds {unknown}


   Skills:
 + Level 0.7 Fighting
 + Level 1.7 Short Blades
 + Level 2.6 Dodging
 + Level 4.8 Stealth
 + Level 2.2 Spellcasting
 + Level 4.7 Hexes


You had 6 spell levels left.
You didn't know any spells.
Your spell library contained the following spells:

 Spells                   Type           Power      Damage    Failure   Level
 Confusing Touch          Hex            20%        N/A       7%          3
 Tukima's Dance           Hex            20%        N/A       7%          3
 Ensorcelled Hibernation  Hex/Ice        22%        N/A       10%         2
 Dazzling Flash           Conj/Hex       22%        N/A       19%         3


Dungeon Overview and Level Annotations

Branches:
Dungeon (2/15)

Altars:

Shops:
D:2 =

Annotations:
D:2 Sigmund


Innate Abilities, Weirdness & Mutations

You do not regenerate when monsters are visible.
You are frail without blood (-20% HP).
You can heal yourself when you bite living creatures.
You are immune to poison.
You have razor-sharp teeth.
You have supernaturally acute eyesight. (SInv)
You are afflicted with vampirism and can become a bat while bloodless.


Message History

You fade into invisibility!
The bat closely misses you. The adder barely misses you.
Unknown command.
You miss the adder.
Sigmund shouts!
The adder hisses angrily.
Unknown command.
You hit the adder. Your bite misses the adder.
The adder is moderately wounded.
You hit Sigmund but do no damage. You bite Sigmund.
You draw Sigmund's blood!
Sigmund is lightly wounded.
The adder misses you. Sigmund hits you with a +0 scythe!
Unknown command.
You hit Sigmund.
Sigmund is lightly wounded.
The adder bites you. Sigmund barely misses you.
Unknown command.
You strike the helpless Sigmund from behind!
You bite Sigmund, and draw his blood!
You feel better.
You puncture Sigmund!
Sigmund is severely wounded.
The adder misses you.
It was a potion of curing.
You feel better. The adder bites you. Sigmund hits you with a +0 scythe!
Ouch! That really hurt!
The adder closely misses you.
Unknown command.
You hit Sigmund.
Sigmund is severely wounded.
The adder bites you.
Unknown command.
You closely miss Sigmund. You bite Sigmund, but do no damage.
Sigmund is severely wounded.
Sigmund points at you and mumbles some strange words.
The magic dart hits you.
* * * LOW HITPOINT WARNING * * *
The adder barely misses you.
Unknown command.
It was a potion of haste.
You feel yourself speed up. Sigmund hits you with a +0 scythe!
Ouch! That really hurt!
You die...

#.# #.# ########.# #.#
#.# ####### #.# #.###.#
#.....# #.# ......#
#.###.# #.# #>##### #.#
#.# #.# ......# #.###.#
#.# #.###.# #.#(..#
#.###### #.#
#####S#'#.###......# #.#
#..b@@#.#.......##.## ..#
#...###.###.#.......# ###
.....#.+).∩..'.#.....#...
.##< #####.#########[..#.
.. #.#B# #.#.. .#
#'#...$>. .... ##
#.####### ##. .## #.##
... #.#


You could see Sigmund (unable to see you), an adder (unable to see you), a giant
cockroach (unable to see you) and a bat.

Vanquished Creatures
  2 adders (D:2)
  2 bats (D:1)
  An endoplasm (D:2)
  3 giant cockroaches
  A goblin (D:1)
  A hobgoblin (D:1)
  5 jackals
  A kobold (D:1)
16 creatures vanquished.

Notes
Turn   | Place    | Note
-------+----------+-------------------------------------------
     0 | D:1      | 112233 the Vampire Enchanter began the quest for the Orb.
     0 | D:1      | Reached XP level 1. HP: 13/13 MP: 3/3
   173 | D:1      | Found a faded altar of an unknown god.
   511 | D:1      | Reached XP level 2. HP: 15/19 MP: 5/5
   816 | D:2      | Gained mutation: You are afflicted with vampirism and can
                  | become a bat while bloodless. [Vampire growth]
   816 | D:2      | Reached XP level 3. HP: 25/25 MP: 6/6
   890 | D:2      | Found Iggal's Jewellery Shoppe.
   932 | D:2      | Noticed Sigmund
   947 | D:2      | Mangled by Sigmund

Illustrated notes

Levels and vault maps discovered:
D:1:      kennysheep_arrival_forest, layout_loops_ring,
          hellmonk_ecumenical_altar_arch_garden, nicolae_figureground_sparkle
D:2:      layout_loops_ring, serial_shops, nicolae_shop_hallway_plus,
          uniq_sigmund

Action                     || total
---------------------------++-------
  Melee: Dagger            ||    72
         Bite              ||     7
         Punch             ||     2
Ability: Exsanguinate      ||     1
    Use: Potion            ||     3
   Stab: Sleeping          ||     6
         Invisible         ||     1
 Armour: Robe              ||    14
  Dodge: Dodged            ||    49

Table legend: (Time is in decaauts)
 A = Elapsed time spent in this place.
 B = Non-inter-level travel time spent in this place.
 C = Inter-level travel time spent in this place.
 D = Time resting spent in this place.
 E = Time spent auto-exploring this place.
 F = Levels seen in this place.
 G = Mean time per level.
                   A        B        C        D        E       F      G
               +--------+--------+--------+--------+--------+-----+--------+
         Total |    941 |    872 |     69 |      0 |    670 |   2 |  470.5 |
       Dungeon |    941 |    872 |     69 |      0 |    670 |   2 |  470.5 |
               +--------+--------+--------+--------+--------+-----+--------+

Top non-repeatable levels by time:
     D:1: 693 daAuts
     D:2: 248 daAuts
